 Dungeon Crawl Stone Soup version 0.27-a0-1181-g5f64966fcc (webtiles) character file.

Game seed: 8020908905625742191

322 freelancePsychic the Sneak (level 6, 0/28 HPs)
             Began as a Felid Transmuter on May 18, 2021.
             Was an Initiate of Gozag.
             Killed by divine providence
             ... invoked by an orc priest
              (13 damage)
             ... on level 5 of the Dungeon.
             The game lasted 00:19:20 (5059 turns).

freelancePsychic the Sneak (Felid Transmuter)       Turns: 5059, Time: 00:19:21

Health: 0/28       AC:  2    Str:  6    XL:     6   Next: 22%
Magic:  7/10       EV: 20    Int: 17    God:    Gozag
Gold:   486        SH:  0    Dex: 21    Spells: 5/9 levels left
                                        Lives:  0   Deaths: 1

rFire    . . .     SeeInvis +     - Unarmed
rCold    . . .     Faith    .   (shield unavailable)
rNeg     . . .     Spirit   .   (armour unavailable)
rPois    x         Reflect  .   (helmet unavailable)
rElec    .         Harm     .   (cloak unavailable)
rCorr    .         Rampage  .   (gloves unavailable)
Will     .....                  (boots unavailable)
Stlth    +++.......             (no amulet)
HPRegen  0.09/turn              k - ring of wizardry
MPRegen  0.12/turn              (no ring)

@: spider-form
A: venomous fangs, tiny, (claws 1), (fangs 3), see invisible, (speed 1), (shaggy
fur 2), (stealthy paws), no weapons or thrown items, no armour, multi-lived
a: End Transformation, Renounce Religion, Potion Petition, Call Merchant, Bribe
Branch


You were on level 5 of the Dungeon.
You worshipped Gozag.
Gozag was aware of your devotion.
You were a venomous arachnid creature.
You visited 1 branch of the dungeon, and saw 6 of its levels.

You collected 486 gold pieces.

Inventory:

Missiles
 a - 136 stones
 f - 16 poisoned darts
Jewellery
 k - a ring of wizardry (left front leg)
Wands
 i - a wand of polymorph (12)
Scrolls
 b - 2 scrolls of amnesia {unknown}
 c - 2 scrolls of teleportation {unknown}
 d - 3 scrolls of immolation {unknown}
 e - a scroll of acquirement {unknown}
 g - 3 scrolls of magic mapping {unknown}
 h - a scroll of identify {unknown}
 j - a scroll of noise {unknown}
 l - a scroll of enchant weapon {unknown}
Potions
 m - a potion of curing {unknown}
 n - a potion of might {unknown}


   Skills:
 + Level 3.3 Fighting
 - Level 2.6 Dodging
 - Level 5.1 Stealth
 + Level 3.0 Unarmed Combat
 - Level 2.0 Spellcasting
 - Level 4.7 Transmutations
 + Level 0.0 Ice Magic
 - Level 2.0 Poison Magic


You had 5 spell levels left.
You knew the following spells:

 Your Spells              Type           Power      Damage    Failure   Level
a - Beastly Appendage     Tmut           34%        N/A       4%          1
b - Spider Form           Tmut/Pois      6%         N/A       13%         3

Your spell library contained the following spells:

 Spells                   Type           Power      Damage    Failure   Level
 Wereblood                Tmut           17%        N/A       5%          2
 Animate Skeleton         Necr           2%         N/A       16%         1
 Apportation              Tloc           2%         N/A       16%         1
 Corona                   Hex            1%         N/A       16%         1
 Summon Small Mammal      Summ           4%         N/A       16%         1
 Ice Form                 Ice/Tmut       9%         N/A       45%         4
 Hydra Form               Tmut           8%         N/A       45%         5


Dungeon Overview and Level Annotations

Branches:
Dungeon (6/15)             Temple (0/1) D:4

Altars:
Gozag
Qazlal
Trog

Annotations:
D:2 Natasha
D:4 2 transporters, exclusion: ogre, Blork the orc
D:5 Grinder


Innate Abilities, Weirdness & Mutations

You are a venomous arachnid creature.
You have poisonous fangs.
You are tiny and dextrous.
Your spellcasting is less reliable in this form.
((You have sharp claws.))
((You have razor-sharp teeth.))
You have supernaturally acute eyesight. (SInv)
((You cover ground quickly. (Speed+)))
((You are covered in thick fur. (AC +2)))
((Your paws help you pounce on unaware monsters.))
You are incapable of wielding weapons or throwing items.
You cannot wear armour.
You gain extra lives every three experience levels.


Message History

You see here a scroll labelled MOTEKL XUCOOSU.
You kill the sky beast!
Your Stealth skill increases to level 5!
You have reached level 6!
Your experience leads to an increase in your attributes!
Your base attributes are Str 6, Int 16, Dex 16.
Increase (S)trength, (I)ntelligence, or (D)exterity?
You feel clever.
Your fur grows into a thick mane.
You start resting.
Your transformation has ended.
You start resting.
Magic restored.
You start resting.
HP restored.
You now have 486 gold pieces (gained 13).
c - 2 scrolls labelled MOTEKL XUCOOSU (gained 1)
Okay, then.
Okay, then.
Okay, then.
As you open the door, it creaks loudly!
There is an open door here.
An orc priest is nearby!
Casting: Spider Form (quite dangerous; 6% risk of failure)
Confirm with . or Enter, or press ? or * to list all spells.
The spell is quite dangerous to cast (6% risk of failure)!
Continue anyway?
You turn into a venomous arachnid creature.
The orc priest hits you with a +0 mace.
You hit the orc priest but do no damage.
The orc priest calls down the wrath of Beogh upon you.
Pain shoots through your body!
You hit the orc priest but do no damage.
The orc priest is poisoned.
The orc priest hits you with a +0 mace.
You hit the orc priest but do no damage.
The orc priest looks as sick as possible!
The orc priest is lightly wounded.
The orc priest mumbles some strange prayers to Beogh against you.
Beogh smites you!
You die...
Your body crumbles into a pile of gold.

..)##.##.#
#................# #
....#.##.#
##'############### #
.<..#.##.# #...#.. #
....#.##+######.#.#
#
#.#.#.#.......#.#.#
# #
#.#.#.......#.#.# #
#...#...... #.#.# #
##..#....##.#.#o#.##
#
#..#.........s....#
#
#..##'####.#.#.####
# ##.##.# #.#.#... #
#.##5# #.#.##### #
#####..#.# #(#.... #
.......#O# #.#... #
######..Y# #..... #
######..####....# #
..............#.# #


You could see an orc priest (extremely poisoned).

Vanquished Creatures
  An orc warrior (D:6)
  A sky beast (D:5)
  A bullfrog (D:4)
  A hound (D:4)
  An orc wizard (D:5)
  A hound skeleton (D:4)
  3 adders
  An ufetubus (D:6)
  A worm (D:2)
  3 dart slugs
  2 orcs
  6 bats
  6 endoplasms
  3 giant cockroaches
  7 goblins
  7 hobgoblins
  8 jackals
  3 quokkas
  2 frilled lizards (D:3)
  2 kobolds
  3 rats
63 creatures vanquished.

Notes
Turn   | Place    | Note
-------+----------+-------------------------------------------
     0 | D:1      | freelancePsychic the Felid Transmuter began the quest for
                  | the Orb.
     0 | D:1      | Reached XP level 1. HP: 9/9 MP: 4/4
   332 | D:1      | Reached skill level 1 in Stealth
   425 | D:1      | Reached XP level 2. HP: 12/12 MP: 4/6
   968 | D:2      | Noticed a phantom
  1372 | D:2      | Found a faded altar of an unknown god.
  1382 | D:2      | Became a worshipper of Gozag Ym Sagoz the Greedy
  1760 | D:2      | Noticed Natasha
  1831 | D:2      | Reached XP level 3. HP: 15/15 MP: 7/7
  2029 | D:2      | Learned a level 3 spell: Spider Form
  2318 | D:3      | Reached skill level 1 in Poison Magic
  2547 | D:3      | Reached skill level 2 in Stealth
  2711 | D:3      | Found a stormy altar of Qazlal.
  3193 | D:3      | Reached XP level 4. HP: 19/19 MP: 6/8
  3710 | D:4      | Found a staircase to the Ecumenical Temple.
  3773 | D:4      | Identified the +5 scale mail "Nopniqy" {-Tele Int+7 SInv}
  3782 | D:4      | Reached skill level 3 in Stealth
  3989 | D:4      | Noticed Blork the orc
  4012 | D:4      | Found a transporter.
  4016 | D:4      | Found a transporter.
  4077 | D:4      | Noticed a bullfrog
  4229 | D:4      | Killed a bullfrog
  4230 | D:4      | Reached XP level 5. HP: 15/23 MP: 6/9
  4278 | D:4      | Noticed an ogre
  4412 | D:5      | Entered Level 5 of the Dungeon
  4569 | D:5      | HP: 1/23 [orc wizard/puff of flame (12)]
  4572 | D:5      | Killed from afar by an orc wizard
  4573 | D:5      | Reached XP level 4. HP: -11/20 MP: 7/8
  4585 | D:5      | Reached skill level 4 in Stealth
  4628 | D:5      | Noticed a scorpion
  4645 | D:5      | Noticed an ogre
  4645 | D:5      | Noticed an ice beast
  4646 | D:5      | Noticed Grinder
  4755 | D:6      | Reached XP level 5. HP: 19/23 MP: 9/9
  4808 | D:6      | Noticed an ice beast
  4845 | D:6      | Noticed an orc warrior
  4846 | D:6      | Found a bloodstained altar of Trog.
  4863 | D:6      | Killed an orc warrior
  4937 | D:5      | Noticed a sky beast
  4952 | D:5      | Killed a sky beast
  4953 | D:5      | Reached skill level 5 in Stealth
  4953 | D:5      | Gained mutation: You are covered in thick fur. (AC +2)
                  | [Felid growth]
  4953 | D:5      | Reached XP level 6. HP: 20/28 MP: 7/10
  5059 | D:5      | Killed from afar by an orc priest

Illustrated notes

Levels and vault maps discovered:
D:1:      dpeg_arrival_three_same_balls, layout_loops_ring
D:2:      layout_loops_corners, basic_ecumenical_altar, fountainhead,
          serial_bayou_pond_e, chequers_serial_rivers_micro_a, uniq_natasha
D:3:      layout_basic, grunt_qazlal_sundering, minmay_misc_feat_columns
D:4:      gammafunk_steamed_eel, layout_loops_ring,
          grunt_temple_overflow_growth_and_decay, chei_slow_surprise,
          nicolae_uskayaw_dance_hall, minmay_temple_entry_stoned_glass,
          uniq_blork_the_orc
D:5:      layout_basic, uniq_grinder
D:6:      layout_loops_ring, nzn_overflow_gifts_of_might_and_magic,
          vehumet_statue, ebering_dispersal_statue_hall, minmay_holes

Skill      XL: |  1  2  3  4  5 |
---------------+----------------+-----
Stealth        | 1 2 4 5 |  5.1
Transmutations | 3 4 |  4.7
Poison Magic   | 1 2 |  2.0
Fighting       | 2 3 |  3.3
Dodging        | |  2.6
Unarmed Combat | |  3.0
Spellcasting   | |  2.0

Action                   |  1- 3 |  4- 6 || total
-------------------------+-------+-------++-------
Melee: Unarmed           |    92 |    78 ||   170
       Bite              |     9 |     1 ||    10
       Headbutt          |     5 |     2 ||     7
 Cast: Beastly Appendage |    21 |     6 ||    27
       Spider Form       |       |    10 ||    10
 Stab: Sleeping          |     7 |     4 ||    11
Armor: Skin              |     7 |     5 ||    12
Dodge: Dodged            |    68 |    57 ||   125

Table legend: (Time is in decaauts)
 A = Elapsed time spent in this place.
 B = Non-inter-level travel time spent in this place.
 C = Inter-level travel time spent in this place.
 D = Time resting spent in this place.
 E = Time spent auto-exploring this place.
 F = Levels seen in this place.
 G = Mean time per level.
                   A        B        C        D        E       F      G
               +--------+--------+--------+--------+--------+-----+--------+
         Total |   4450 |   4312 |    138 |   1062 |   2274 |   6 |  741.7 |
       Dungeon |   4450 |   4312 |    138 |   1062 |   2274 |   6 |  741.7 |
               +--------+--------+--------+--------+--------+-----+--------+

Top non-repeatable levels by time:
     D:3: 1549 daAuts
     D:1: 941 daAuts
     D:2: 811 daAuts
     D:4: 576 daAuts
     D:5: 335 daAuts
     D:6: 236 daAuts
